 Dungeon Crawl Stone Soup version 0.29-a0-72-g1732ff48e7 (webtiles) character file.

Game seed: 12562484422172003477

669 fragbeetle the Cudgeller (level 7, -5/67 HPs)
             Began as a Troll Berserker on Feb 4, 2022.
             Was a Priest of Trog.
             Slain by Edmund (26 damage)
             ... on level 5 of the Dungeon.
             The game lasted 00:08:09 (3252 turns).

fragbeetle the Cudgeller (Troll Berserker)          Turns: 3252, Time: 00:08:10

Health: -5/67      AC: 13    Str: 28    XL:     7   Next: 32%
Magic:  6/6        EV:  9    Int:  9    God:    Trog [***...]
Gold:   141        SH:  0    Dex:  9    Spells: 6/6 levels left

rFire   . . .      SeeInvis .   i - +2 hand axe (vorpal)
rCold   . . .      Faith    .   (no shield)
rNeg    . . .      Spirit   .   v - +0 swamp dragon scales
rPois   +          Reflect  .   (helmet restricted)
rElec   .          Harm     .   (no cloak)
rCorr   .          Rampage  .   (gloves unavailable)
Will    .....                   (boots unavailable)
Stlth   ..........              (no amulet)
HPRegen 1.01/turn               j - +4 ring of protection
MPRegen 0.10/turn               b - +6 ring of intelligence

@: no status effects
A: large, unfitting armour, claws 3, regeneration 1, shaggy fur 1, tough skin 1
a: Renounce Religion, Berserk, Trog's Hand


You were on level 5 of the Dungeon.
You worshipped Trog.
Trog was most pleased with you.
You visited 1 branch of the dungeon, and saw 5 of its levels.
You also visited: Sewer.

You collected 245 gold pieces.
You spent 104 gold pieces at shops.

Inventory:

Hand Weapons
 a - a +0 mace
 g - a +0 flail of draining
 i - a +2 vorpal hand axe (weapon)
 m - a +0 giant spiked club
Missiles
 l - 3 poisoned darts
 t - 6 boomerangs (quivered)
 u - 4 atropa-tipped darts
Armour
 v - +0 swamp dragon scales (worn)
Jewellery
 b - a +6 ring of intelligence (right claw)
 j - a +4 ring of protection (left claw)
Scrolls
 c - a scroll of fear {unknown}
 d - 5 scrolls of teleportation
 e - 2 scrolls of summoning {unknown}
 f - a scroll of immolation {unknown}
 h - a scroll of enchant armour {unknown}
 o - a scroll of amnesia {unknown}
 p - a scroll of fog {unknown}
 q - a scroll of enchant weapon {unknown}
 r - a scroll of brand weapon {unknown}
Potions
 k - a potion of curing
 n - 4 potions of flight
 s - a potion of mutation


   Skills:
 - Level 3.0 Fighting
 * Level 7.2 Maces & Flails
 + Level 0.8 Armour
 - Level 3.0 Dodging


You had 6 spell levels left.
You didn't know any spells.
Your spell library was empty.

Dungeon Overview and Level Annotations

Branches:
Dungeon (5/15)              Sewer (visited)
 Temple: D:4-7

Altars:

Shops:
D:3 ?

Annotations:
D:5 Edmund


Innate Abilities, Weirdness & Mutations

You are too large for most types of armour.
You have claws for hands.
Your natural rate of healing is unusually fast.
You are covered in fur. (AC +1)
You have tough skin. (AC +1)


Message History

There is a stone staircase leading down here.
You climb downwards.
There is a stone staircase leading up here.
Found a scale mail.
You now have 141 gold pieces (gained 8).
Found an Inescapable Atlas.
Found a ring mail.
Edmund the Younger comes into view.
He is wielding a +2 flail of distortion.
Throw: 6 darts (poison)
Press: ? - help, Shift-Dir - straight line, f - Edmund
Aim: Edmund, wielding a +2 flail of distortion and wearing a +0 chain mail (62% to hit)
You throw a poisoned dart.
The poisoned dart closely misses Edmund.
Throw: 5 darts (poison)
Press: ? - help, Shift-Dir - straight line, f/p - Edmund
Aim: Edmund, wielding a +2 flail of distortion and wearing a +0 chain mail (62% to hit)
You throw a poisoned dart. The poisoned dart barely misses Edmund.
Throw: 5 darts (atropa)
Press: ? - help, Shift-Dir - straight line, f/p - Edmund
Aim: Edmund, wielding a +2 flail of distortion and wearing a +0 chain mail (62% to hit, chance to blind on hit: 51%)
You throw an atropa-tipped dart. The atropa-tipped dart hits Edmund.
Edmund appears confused.
Throw: 4 darts (poison)
Press: ? - help, Shift-Dir - straight line, f/p - Edmund
Aim: Edmund, wielding a +2 flail of distortion and wearing a +0 chain mail (confused, blind, 80% to hit)
You throw a poisoned dart. The poisoned dart hits Edmund.
Edmund seems less confused.
Edmund barely misses you.
You barely miss Edmund.
Edmund is no longer blind.
Edmund hits you with a +2 flail of distortion!
Space warps horribly around you.
You hit Edmund but do no damage. Edmund hits you but does no damage.
You blink.
Edmund completely misses you.
You barely miss Edmund.
Edmund hits you with a +2 flail of distortion!
Space warps horribly around you!!
You hit Edmund but do no damage.
Edmund hits you with a +2 flail of distortion.
Space warps horribly around you!!
You die...

..## #.#. ...
.....####.#.##.# ......
...#....## .# ......##..
#....# .# ......[...
#....# ..
..........###...## .###
........##....#..##...# .
............#.#...#...#...
####.....######@.:.......
#.....### #@..!##...
...#...### #...## #.
#.....# #....(# ##<...#
#...#[. #.#...# #...#...#
#.#.#..#.... ..(.
....#..#.... ..### .#...
.........#


You could see Edmund.

Vanquished Creatures
  A necrophage (D:4)
  An ogre (D:4)
  A bullfrog (D:4)
  2 hounds
  An orc priest (D:4)
  A gnoll shaman (D:4)
  An orc wizard (D:4)
  5 gnolls (D:4)
  6 adders
  7 river rats
  A worm (Sewer)
  3 dart slugs
  8 orcs
  13 bats
  2 endoplasms
  5 giant cockroaches
  3 goblins
  7 hobgoblins
  8 jackals
  6 quokkas
  12 ball pythons
  8 frilled lizards
  7 kobolds
  13 rats
122 creatures vanquished.

Notes
Turn   | Place    | Note
-------+----------+-------------------------------------------
     0 | D:1      | fragbeetle the Troll Berserker began the quest for the Orb.
     0 | D:1      | Reached XP level 1. HP: 22/22 MP: 0/0
    97 | D:1      | Reached skill level 3 in Maces & Flails
   127 | D:1      | Reached XP level 2. HP: 29/29 MP: 1/1
   129 | D:1      | Found a faded altar of an unknown god.
   678 | D:2      | Reached XP level 3. HP: 36/36 MP: 2/2
   978 | D:2      | Reached ** piety under Trog
  1107 | D:2      | Reached XP level 4. HP: 42/44 MP: 3/3
  1704 | D:3      | Reached skill level 4 in Maces & Flails
  1823 | D:3      | Found Maxzuat's Magic Scroll Boutique.
  1829 | D:3      | Bought a scroll of identify for 26 gold pieces
  1829 | D:3      | Bought a scroll of noise for 13 gold pieces
  1829 | D:3      | Bought a scroll of teleportation for 39 gold pieces
  1829 | D:3      | Bought a scroll of identify for 26 gold pieces
  1913 | D:4      | Noticed an ogre
  1920 | D:4      | Killed an ogre
  1921 | D:4      | Reached skill level 5 in Maces & Flails
  1921 | D:4      | Reached XP level 5. HP: 53/53 MP: 4/4
  1994 | D:4      | Found a glowing drain.
  2001 | Sewer    | Entered a sewer
  2194 | Sewer    | Reached XP level 6. HP: 61/61 MP: 5/5
  2300 | Sewer    | Reached *** piety under Trog
  2673 | D:4      | Reached skill level 6 in Maces & Flails
  2767 | D:4      | Reached XP level 7. HP: 19/67 MP: 6/6
  2881 | D:4      | Reached skill level 7 in Maces & Flails
  3223 | D:5      | Entered Level 5 of the Dungeon
  3240 | D:5      | Noticed Edmund
  3252 | D:5      | Slain by Edmund

Illustrated notes

Levels and vault maps discovered:
D:1:      dpeg_arrival_orchard, layout_loops_ring,
          ebering_ecumenical_altar_rust, hangedman_abyss_or_decor_stabs
D:2:      layout_loops_ring, st_stairs_10, minmay_hexomino_p4
D:3:      layout_basic, serial_shops, shop, minmay_misc_feat_iff
D:4:      layout_cave_pools, portal_sewer_entry_e, hex_tiny
D:5:      layout_cave_pools, okawaru_ov_weapons_minmay, nicolae_alphabet_shops,
          minmay_starry_boxes, uniq_edmund

Skill      XL: |  1  2  3  4  5  6  7 |
---------------+----------------------+-----
Maces & Flails | 3 5 6 7 |  7.2
Fighting       | 3 |  3.0
Dodging        | 3 |  3.0
Armour         | |  0.8

Action                   |  1- 3 |  4- 6 |  7- 9 || total
-------------------------+-------+-------+-------++-------
Melee: Mace              |   134 |    22 |       ||   156
       Punch             |     1 |     2 |     1 ||     4
       Hand axe          |       |   175 |    30 ||   205
Throw: Boomerang         |       |       |     5 ||     5
       Dart              |       |       |     4 ||     4
Invok: Berserk           |     1 |     1 |       ||     2
  Use: Scroll            |       |     2 |       ||     2
       Potion            |       |     2 |       ||     2
Armor: Animal skin       |    48 |    91 |     5 ||   144
       Skin              |       |    24 |     5 ||    29
       Swamp dragon scal |       |       |    10 ||    10
Dodge: Dodged            |    80 |   123 |    17 ||   220

Table legend: (Time is in decaauts)
 A = Elapsed time spent in this place.
 B = Non-inter-level travel time spent in this place.
 C = Inter-level travel time spent in this place.
 D = Time resting spent in this place.
 E = Time spent auto-exploring this place.
 F = Levels seen in this place.
 G = Mean time per level.
                   A        B        C        D        E       F      G
               +--------+--------+--------+--------+--------+-----+--------+
         Total |   3529 |   3420 |    109 |    116 |   2278 |   6 |  588.2 |
       Dungeon |   2710 |   2601 |    109 |    116 |   1762 |   5 |  542.0 |
         Sewer |    818 |    818 |      0 |      0 |    515 |   1 |  818.0 |
               +--------+--------+--------+--------+--------+-----+--------+

Top non-repeatable levels by time:
   Sewer: 818 daAuts
     D:2: 754 daAuts
     D:4: 701 daAuts
     D:1: 626 daAuts
     D:3: 599 daAuts
     D:5: 29 daAuts
